 Dungeon Crawl Stone Soup version 0.29.1-12-g30fa7ad0bf (webtiles) character file.

Game seed: 13400981971275837426

315 ghostp the Chopper (level 6, -2/53 HPs)
             Began as a Minotaur Berserker on Jan 9, 2023.
             Was a Priest of Trog.
             Succumbed to an orc wizard's poison
             ... on level 4 of the Dungeon.
             The game lasted 00:52:27 (4611 turns).

ghostp the Chopper (Minotaur Berserker)             Turns: 4611, Time: 00:52:27

Health: -2/53      AC:  5    Str: 23    XL:     6   Next: 20%
Magic:  6/14       EV: 11    Int:  4    God:    Trog [***...]
Gold:   192        SH:  0    Dex: 10    Spells: 5/5 levels left

rFire   . . .      SeeInvis .   a - +0 hand axe
rCold   . . .      Faith    .   (no shield)
rNeg    . . .      Spirit   +   s - +0 ring mail
rPois   .          Reflect  .   (helmet restricted)
rElec   .          Harm     .   (no cloak)
rCorr   .          Rampage  .   (no gloves)
Will    .....                   (no boots)
Stlth   ..........              m - amulet of guardian spirit
HPRegen 0.17/turn               k - ring of magical power
MPRegen 0.14/turn               (no ring)

@: lethally poisoned (-2 -> -27)
A: horns 2, retaliatory headbutt
a: Renounce Religion, Berserk, Trog's Hand


You were on level 4 of the Dungeon.
You worshipped Trog.
Trog was most pleased with you.
You visited 1 branch of the dungeon, and saw 4 of its levels.

You collected 192 gold pieces.

Inventory:

Hand Weapons
 a - a +0 hand axe (weapon)
 b - a +1 sling of flaming
Missiles
 g - 43 stones (quivered)
 v - 6 silver boomerangs
Armour
 s - a +0 ring mail (worn)
Jewellery
 k - a ring of magical power (left hand)
 m - an amulet of guardian spirit (around neck)
Scrolls
 d - 6 scrolls of identify {unknown}
 f - a scroll of fear {unknown}
 j - 2 scrolls of teleportation {unknown}
 l - 2 scrolls of amnesia {unknown}
 p - a scroll of brand weapon {unknown}
 r - 2 scrolls of fog {unknown}
Potions
 c - 3 potions of heal wounds
 e - a potion of resistance {unknown}
 h - a potion of might {unknown}
 i - a potion of cancellation {unknown}
 n - 2 potions of curing {unknown}
 o - a potion of flight {unknown}
 q - a potion of lignification {unknown}
 t - a potion of brilliance {unknown}
 u - a potion of degeneration {unknown}
 w - a potion of attraction {unknown}


   Skills:
 - Level 4.3 Fighting
 * Level 7.3 Axes
 - Level 3.6 Armour
 - Level 2.8 Dodging


You had 5 spell levels left.
You didn't know any spells.
Your spell library was empty.

Dungeon Overview and Level Annotations

Branches:
Dungeon (4/15)
 Temple: D:4-7

Altars:
Ashenzari
Okawaru


Innate Abilities, Weirdness & Mutations

You have a pair of horns on your head.
You reflexively headbutt those who attack you in melee.


Message History

Something hits you.
You are more poisoned.
The orc hits you from afar with a +0 trident.
You barely miss something.
You feel less confused.
You feel very sick. Something hits you.
You are lethally poisoned!
The orc throws a boomerang.
The boomerang hits you but does no damage.
You miss something. Your headbutt misses something.
Your punch misses something.
You feel extremely sick. Something hits you.
The orc hits you from afar with a +0 trident.
* * * LOW HITPOINT WARNING * * *
You barely miss something.
* * * LOW HITPOINT WARNING * * *
You feel very sick. Something hits you but does no damage.
The orc hits you from afar with a +0 trident.
* * * LOW HITPOINT WARNING * * *
You hit something.
* * * LOW HITPOINT WARNING * * *
You feel very sick.
You feel much better.
You feel very sick. Something hits you.
You are lethally poisoned!
The orc hits you but does no damage. Something hits you.
You are more poisoned.
* * * LOW HITPOINT WARNING * * *
You feel extremely sick.
* * * LOW HITPOINT WARNING * * *
You feel extremely sick.
The orc throws a boomerang.
Reactivating autopickup.
You feel a bit more experienced.
You die...

######'#....#
#...........#
#.....#######
#.....#8##
###..........
#............
#.............
#...###.#8###8
#.@.##+.###
####.........
#..).........
#o####........
#)####.......
#.##.........
#.##.........
#.##.........
#.##.........


You could see an orc.

Vanquished Creatures
  An ogre (D:4)
  An orc priest (D:4)
  Jessica (D:3)
  Robin (D:2)
  4 gnolls (D:3)
  2 adders
  2 worms (D:3)
  A dart slug (D:3)
  6 orcs
  6 endoplasms
  2 giant cockroaches
  11 goblins
  10 hobgoblins
  5 kobolds
  A quokka (D:1)
  5 ball pythons
  11 bats
  4 frilled lizards
  5 rats (D:1)
79 creatures vanquished.

Vanquished Creatures (others)
  An orc wizard (D:4)
  14 plants (D:3)
15 creatures vanquished.

Grand Total: 94 creatures vanquished

Notes
Turn   | Place    | Note
-------+----------+-------------------------------------------
     0 | D:1      | ghostp the Minotaur Berserker began the quest for the Orb.
     0 | D:1      | Reached XP level 1. HP: 19/19 MP: 0/0
   852 | D:1      | Reached XP level 2. HP: 24/27 MP: 1/1
  1122 | D:1      | Reached skill level 4 in Axes
  1390 | D:2      | Reached XP level 3. HP: 20/33 MP: 2/2
  1703 | D:2      | Reached ** piety under Trog
  1825 | D:2      | Found a faded altar of an unknown god.
  2310 | D:2      | Noticed Robin
  2318 | D:2      | Killed Robin
  2521 | D:2      | Reached XP level 4. HP: 29/40 MP: 3/3
  2796 | D:3      | Noticed Jessica
  2824 | D:3      | Killed Jessica
  2825 | D:3      | Reached skill level 5 in Axes
  3125 | D:3      | Found a large runed translucent door.
  3127 | D:3      | Found a large runed translucent door.
  3347 | D:3      | Reached XP level 5. HP: 14/47 MP: 4/4
  3630 | D:3      | Reached *** piety under Trog
  3998 | D:3      | Found an iron altar of Okawaru.
  4003 | D:3      | Reached skill level 6 in Axes
  4007 | D:3      | Found a broken altar of Ashenzari.
  4304 | D:4      | Noticed an ogre
  4344 | D:4      | Killed an ogre
  4593 | D:4      | Reached XP level 6. HP: 51/53 MP: 5/5
  4598 | D:4      | Reached skill level 7 in Axes
  4611 | D:4      | Succumbed to an orc wizard's poison

Illustrated notes

Levels and vault maps discovered:
D:1:      dpeg_arrival_subterranean_lakeside_camping, layout_loops_ring
D:2:      layout_basic, hellmonk_ecumenical_altar_pennies_from_heaven,
          minmay_tiny_reverse_x, uniq_robin
D:3:      layout_loops_ring, jmf_multi_god_temple2, serial_forest,
          infiniplex_forest_clump_double, infiniplex_forest_zigzag_1,
          infiniplex_forest_straight_5, infiniplex_forest_lined_3,
          infiniplex_forest_clump_tiny, infiniplex_forest_clump_small,
          infiniplex_forest_clump_double, uniq_jessica
D:4:      layout_basic, serial_corexii_hall, corexii_hall_statues_t,
          corexii_hall_statues_u, corexii_hall_statues_i,
          corexii_hall_statues_i, guppyfry_early_orc_mine

Skill      XL: |  1  2  3  4  5  6 |
---------------+-------------------+-----
Armour         | 3 |  3.6
Axes           | 4 5 6 7 |  7.3
Fighting       | 4 |  4.3
Dodging        | |  2.8

Action                   |  1- 3 |  4- 6 || total
-------------------------+-------+-------++-------
Melee: Hand axe          |    91 |    82 ||   173
       Headbutt          |     6 |    12 ||    18
 Fire: Sling             |     7 |    21 ||    28
  Use: Potion            |       |     2 ||     2
 Stab: Sleeping          |     1 |       ||     1
Armor: Animal skin       |    24 |       ||    24
       Ring mail         |       |    23 ||    23
Dodge: Dodged            |    72 |    42 ||   114
